[Event "ICC tourney 1905 (10 3)"]
[Site "Internet Chess Club"]
[Date "2020.07.05"]
[Round "3"]
[White "ickyquarter"]
[Black "destroyingeagle"]
[Result "1-0"]
[ICCResult "Black checkmated"]
[WhiteElo "1711"]
[BlackElo "1425"]
[Opening "Robatsch defense: two knights variation"]
[ECO "B07"]
[NIC "VO.17"]
[Time "13:15:28"]
[TimeControl "600+3"]

1. e4 d6 2. d4 g6 3. Nf3 Bg7 4. Nc3 Nc6 5. Be3 e5 6. Bb5 Bd7 7. dxe5 Nxe5 8.
Nxe5 Bxe5 9. Bxd7+ Qxd7 10. Bd4 Ne7 11. O-O Bxd4 12. Qxd4 O-O 13. f4 Nc6 14.
Qd2 f5 15. Rae1 fxe4 16. Nxe4 Rae8 17. Ng5 Qf5 18. g3 Qc5+ 19. Kg2 Qd4 20.
Qc1 Qd5+ 21. Nf3 Kg7 22. a3 h6 23. c4 Qf5 24. Qc3+ Qf6 25. Qb3 Nd4 26. Qxb7
Nxf3 27. Kxf3 Rxe1 28. Rxe1 Rf7 29. Qb3 g5 30. Re4 Qg6 31. Qc3+ Kh7 32. Qe3
Qf6 33. Qd3 Kg8 34. Qe2 Qg6 35. Re8+ Kg7 36. Qe3 Qh5+ 37. Kg2 gxf4 38. Qc3+
Rf6 39. Re7+ Kg6 40. Qd3+ Qf5 41. Qxf5+ Rxf5 42. Rxc7 fxg3 43. hxg3 Rc5 44.
Rxc5 dxc5 45. b4 cxb4 46. axb4 Kf5 47. Kf3 h5 48. Ke3 Ke5 49. Kd3 a6 50. Ke3
Kf5 51. Kd4 Kg4 52. c5 Kxg3 53. c6 h4 54. c7 h3 55. c8=Q h2 56. Qg8+ Kf2 57.
Qh7 Kg1 58. Kc5 h1=Q 59. Qxh1+ Kxh1 60. Kb6 Kg2 61. Kxa6 Kf3 62. b5 Ke4 63.
b6 Kd5 64. b7 Kc5 65. b8=Q Kc6 66. Qe5 Kd7 67. Qf6 Kc7 68. Qe6 Kd8 69. Qf7
Kc8 70. Kb6 Kb8 71. Qb7# {Black checkmated} 1-0

[Event "ICC tourney 1905 (10 3)"]
[Site "Internet Chess Club"]
[Date "2020.07.05"]
[Round "3"]
[White "playtowin2020"]
[Black "MrNormalName"]
[Result "1-0"]
[ICCResult "Black checkmated"]
[WhiteElo "1575"]
[BlackElo "1752"]
[Opening "Giuoco Piano"]
[ECO "C44"]
[NIC "SO.06"]
[Time "13:15:30"]
[TimeControl "600+3"]

1. e4 e5 2. Nf3 Nc6 3. d4 exd4 4. Bc4 Bc5 5. c3 Nf6 6. cxd4 Bb4+ 7. Bd2 Nxe4
8. Bxb4 Nxb4 9. Bxf7+ Kxf7 10. Qb3+ d5 11. Qxb4 Rf8 12. O-O Kg8 13. Nbd2
Nxd2 14. Qxd2 Qf6 15. Rac1 c6 16. Rfe1 Bf5 17. Ne5 Rae8 18. Rc3 Qh4 19. Rce3
Bc8 20. Ng6 Qd8 21. Nxf8 Rxf8 22. Re7 h6 23. Qc3 Qd6 24. Qg3 Qf6 25. Re8
Qxd4 26. Qg6 Qxf2+ 27. Kh1 Bd7 28. Rxf8+ Qxf8 29. h3 Qf6 30. Qxf6 gxf6 31.
Re7 Bf5 32. Rxb7 d4 33. Kg1 d3 34. Kf2 c5 35. Ke3 c4 36. Rxa7 Be6 37. Rc7
Bd5 38. g3 Be6 39. h4 Kf8 40. b3 cxb3 41. axb3 Bxb3 42. Kxd3 Bf7 43. Ke4 Kg7
44. Kf5 h5 45. Ra7 Kh6 46. Kxf6 Bg6 47. Ra8 Bh7 48. Rd8 Bg6 49. Rh8+ Bh7 50.
Rxh7+ Kxh7 51. Kg5 Kg7 52. Kxh5 Kh7 53. Kg5 Kg7 54. h5 Kh7 55. g4 Kg7 56.
Kf5 Kh6 57. Kf6 Kh7 58. g5 Kg8 59. g6 Kh8 60. g7+ Kg8 61. h6 Kh7 62. Kf7
Kxh6 63. g8=Q Kh5 64. Qg3 Kh6 65. Qh4# {Black checkmated} 1-0

[Event "ICC tourney 1905 (10 3)"]
[Site "Internet Chess Club"]
[Date "2020.07.05"]
[Round "3"]
[White "danbron"]
[Black "andrewjiang2"]
[Result "1-0"]
[ICCResult "Black checkmated"]
[WhiteElo "1893"]
[BlackElo "1100"]
[Opening "Scotch gambit: Dubois-R?ti defense"]
[ECO "C55"]
[NIC "KP.02"]
[Time "13:15:52"]
[TimeControl "600+3"]

1. e4 e5 2. Nf3 Nc6 3. d4 exd4 4. Bc4 Nf6 5. e5 d5 6. Bb5 Ne4 7. Nxd4 Bd7 8.
Bxc6 bxc6 9. O-O Bc5 10. f3 Ng5 11. f4 Ne4 12. Be3 O-O 13. Nd2 Nxd2 14. Qxd2
Bb6 15. Nb3 Qe7 16. Qc3 a5 17. a4 f6 18. Bc5 Bxc5+ 19. Nxc5 Bf5 20. Rae1
fxe5 21. fxe5 Rab8 22. e6 Bg6 23. Nd7 Rxf1+ 24. Rxf1 Re8 25. Qxc6 Be4 26.
Nc5 Bxc2 27. Rf7 Qd8 28. Nb7 Qb8 29. Qxd5 Qa7+ 30. Nc5 Bxa4 31. Qe5 Bb3 32.
Qxg7# {Black checkmated} 1-0

[Event "ICC tourney 1905 (10 3)"]
[Site "Internet Chess Club"]
[Date "2020.07.05"]
[Round "3"]
[White "harkerchess"]
[Black "Sina101"]
[Result "1-0"]
[ICCResult "Black forfeits on time"]
[WhiteElo "1282"]
[BlackElo "1469"]
[Opening "French defense, Steiner variation"]
[ECO "A13"]
[NIC "EO.64"]
[Time "13:15:42"]
[TimeControl "600+3"]

1. c4 e6 2. e4 c5 3. Nc3 Nc6 4. g3 Nf6 5. Nf3 a6 6. Bg2 Be7 7. O-O O-O 8. d4
cxd4 9. Nxd4 Qc7 10. Be3 d6 11. Rc1 Rd8 12. Nd5 exd5 13. cxd5 Bd7 14. dxc6
bxc6 15. Qe2 h6 16. e5 dxe5 17. Nxc6 Bxc6 18. Rxc6 Qd7 19. Rfc1 Rac8 20. Bb6
Re8 21. Qxa6 Ra8 22. Qc4 e4 23. Be3 Bd8 24. Bf4 Nh5 25. Be3 Nf6 26. Bf4 Nh5
27. Bc7 e3 28. fxe3 Rxe3 29. Rd6 Qe8 30. Bxa8 Bxc7 31. Qxc7 Re1+ 32. Rxe1
Qxe1+ 33. Kg2 Qe2+ 34. Kh3 Qf1+ 35. Bg2 Qf5+ 36. g4 Nf4+ 37. Kg3 Ne2+ 38.
Kh3 Ng1+ 39. Kg3 Ne2+ 40. Kh3 Ng1+ 41. Kh4 Qf2+ 42. Kh5 g6+ 43. Rxg6+ fxg6+
44. Kxg6 {Black forfeits on time} 1-0

[Event "ICC tourney 1905 (10 3)"]
[Site "Internet Chess Club"]
[Date "2020.07.05"]
[Round "3"]
[White "GGuseinov"]
[Black "Pschaak"]
[Result "1/2-1/2"]
[ICCResult "Game drawn because neither player has mating material"]
[WhiteElo "3044"]
[BlackElo "2066"]
[Opening "Caro-Kann: classical, Spassky variation"]
[ECO "B19"]
[NIC "CK.12"]
[Time "13:15:24"]
[TimeControl "600+3"]

1. e4 c6 2. d4 d5 3. Nd2 dxe4 4. Nxe4 Bf5 5. Ng3 Bg6 6. h4 h6 7. Nf3 Nd7 8.
h5 Bh7 9. Bd3 Bxd3 10. Qxd3 e6 11. Bd2 Ngf6 12. O-O-O Bd6 13. Rde1 Qc7 14.
Nf5 O-O-O 15. Nxd6+ Qxd6 16. Rh4 Qd5 17. c4 Qf5 18. Qxf5 exf5 19. Re7 Rhf8
20. Bb4 Rde8 21. Rf4 g6 22. hxg6 fxg6 23. Rh4 Ng4 24. Rxd7 Kxd7 25. Bxf8
Rxf8 26. Ne5+ Nxe5 27. dxe5 h5 28. Rd4+ Ke6 29. Rd6+ Kxe5 30. Rxg6 Kd4 31.
b3 f4 32. Kd2 f3 33. gxf3 Rxf3 34. Ke2 Rc3 35. Rd6+ Ke4 36. Re6+ Kd4 37.
Rd6+ Kc5 38. Rd7 Rc2+ 39. Ke3 Rxa2 40. Rxb7 a5 41. f4 a4 42. bxa4 Rxa4 43.
f5 Rxc4 44. f6 Rc1 45. Ke2 Rc2+ 46. Kf3 Rc1 47. Kf2 Rc2+ 48. Kg3 Rc3+ 49.
Kf4 Rc1 50. Kg5 Rf1 51. f7 Kc4 52. Re7 Kd5 53. Kxh5 Kd6 54. Ra7 Ke6 55. Kg6
c5 56. Ra6+ Ke5 57. Ra5 Ke6 58. Ra6+ Ke5 59. Rc6 Rg1+ 60. Kh7 Rh1+ 61. Kg7
Rg1+ 62. Kf8 Kd4 63. Ke7 Rg7 64. Rd6+ Ke3 65. Rc6 Kd4 66. Rg6 Rxf7+ 67. Kxf7
c4 68. Rg4+ Kd3 69. Ke6 c3 70. Kd5 c2 71. Rg3+ Kd2 72. Rg2+ Kd1 73. Kd4 c1=Q
74. Rg1+ Kc2 75. Rxc1+ Kxc1
{Game drawn because neither player has mating material}
1/2-1/2

[Event "ICC tourney 1905 (10 3)"]
[Site "Internet Chess Club"]
[Date "2020.07.05"]
[Round "3"]
[White "dabbindino"]
[Black "Aleksandrov73"]
[Result "0-1"]
[ICCResult "White resigns"]
[WhiteElo "1676"]
[BlackElo "2320"]
[Opening "Giuoco Piano"]
[ECO "C50"]
[NIC "IG.02"]
[Time "13:15:20"]
[TimeControl "600+3"]

1. e4 e5 2. Nf3 Nc6 3. Bc4 Bc5 4. O-O Nf6 5. d3 d6 6. h3 O-O 7. Nc3 Na5 8.
Bb3 Nxb3 9. axb3 c6 10. Na4 Bb4 11. Be3 Ba5 12. b4 Bc7 13. c4 Bd7 14. Nc3
Re8 15. Qb3 a6 16. b5 axb5 17. cxb5 Be6 18. Qc2 Rxa1 19. Rxa1 Bb6 20. Bxb6
Qxb6 21. bxc6 bxc6 22. Rc1 Rb8 23. Na4 Qb3 24. Qxb3 Bxb3 25. Nc3 Nd7 26. d4
f6 27. Ra1 Nb6 28. Ra7 Bf7 29. Rc7 Rc8 30. Rb7 Nc4 31. b4 h6 32. b5 cxb5 33.
Nxb5 Bg6 34. dxe5 Bxe4 35. Re7 dxe5 36. Nh2 Bg6 37. Ng4 h5 38. Ne3 Nxe3 39.
fxe3 Rc5 40. Nc7 Rc1+ 41. Kh2 Bf7 42. Rd7 Rc3 43. e4 Rc4 44. Nb5 Rb4 45. Nd6
Bg6 46. Rc7 Rd4 47. Nc8 Kh7 48. Ne7 Bxe4 49. Kg1 h4 50. Rc8 Rd2 {White
resigns} 0-1

[Event "ICC tourney 1905 (10 3)"]
[Site "Internet Chess Club"]
[Date "2020.07.05"]
[Round "3"]
[White "musk6868"]
[Black "allez"]
[Result "0-1"]
[ICCResult "White forfeits on time"]
[WhiteElo "1769"]
[BlackElo "2071"]
[Opening "Sicilian: Alapin's variation (2.c3)"]
[ECO "B22"]
[NIC "SI.46"]
[Time "13:15:24"]
[TimeControl "600+3"]

1. e4 c5 2. c3 Nf6 3. e5 Nd5 4. Bc4 e6 5. Nf3 d6 6. d4 cxd4 7. cxd4 Nc6 8.
O-O Nb6 9. Bd3 dxe5 10. dxe5 Nb4 11. Be4 Qxd1 12. Rxd1 N4d5 13. Nc3 Nxc3 14.
bxc3 Be7 15. a4 Nd7 16. a5 Nc5 17. Bc2 Bd7 18. Ba3 Bc6 19. Nd4 Bd5 20. Nf5
Bf8 21. Nd6+ Bxd6 22. exd6 Nd7 23. Bb4 O-O 24. Ba4 Rfd8 25. Rac1 Rac8 26.
Bb5 a6 27. Be2 Bc4 28. Bf3 Rb8 29. g3 Rdc8 30. Kg2 Bb5 31. h4 Ne5 32. Be4 f5
33. Bb1 Rd8 34. Ba2 Kf7 35. f4 Nc4 36. Bxc4 Bxc4 37. Rd4 Bd5+ 38. Kf2 Rbc8
39. c4 Bc6 40. c5 Rd7 41. Rd2 Bd5 42. Re1 Rc6 43. Ba3 g6 44. Bb4 h6 45. Ba3
Rc8 46. Bb4 Rg8 47. Ke3 g5 48. hxg5 hxg5 49. fxg5 Rxg5 50. Rg1 Ke8 51. Rf2
Rdg7 {White forfeits on time} 0-1

[Event "ICC tourney 1905 (10 3)"]
[Site "Internet Chess Club"]
[Date "2020.07.05"]
[Round "3"]
[White "gmRohde"]
[Black "JosephLevine"]
[Result "1/2-1/2"]
[ICCResult "Game drawn by mutual agreement"]
[WhiteElo "1788"]
[BlackElo "1794"]
[Opening "QGD semi-Slav: 5...Nd7"]
[ECO "D45"]
[NIC "SL.08"]
[Time "13:15:22"]
[TimeControl "600+3"]

1. Nf3 d5 2. c4 e6 3. d4 Nf6 4. Nc3 c6 5. e3 Nbd7 6. a3 Bd6 7. Bd3 O-O 8.
O-O dxc4 9. Bxc4 e5 10. h3 exd4 11. exd4 Nb6 12. Ba2 Bf5 13. Bg5 h6 14. Bh4
Re8 15. Re1 Rxe1+ 16. Qxe1 Be7 17. Ne5 Nfd5 18. Bg3 Bf6 19. Qe2 Qe7 20. Qf3
Be6 21. Ne4 Nd7 22. Re1 Bxe5 23. dxe5 N7b6 24. Nd6 Rf8 25. Bb1 g6 26. Ne4
Bf5 27. Ba2 Na4 28. Bxd5 cxd5 29. Nf6+ Kg7 30. Bh4 Qe6 31. Nxd5 Nxb2 32.
Bf6+ Kh7 33. Nf4 Qc6 34. Qxc6 bxc6 35. e6 Nd3 36. e7 Re8 37. Nxd3 Bxd3 38.
Rd1 Bb5 39. Rd8 c5 40. Rd5 g5 41. h4 Kg6 42. hxg5 hxg5 43. Bxg5 f6 44. Be3
Rxe7 45. Bxc5 Re1+ 46. Kh2 a6 47. Bb4 Re6 48. Kg3 Bc6 49. Rc5 Bb5 50. f3 Bf1
51. Kf2 Bb5 52. g4 Re2+ 53. Kg3 Re6 54. f4 Rc6 55. Rd5 Rc2 56. Rd6 Bc6 57.
g5 Kf5 58. Rxf6+ Ke4 59. g6 Ke3 60. Re6+ Be4 61. Kh4 Rg2 62. Kh5 Kxf4 63.
Kh6 Rxg6+ 64. Rxg6 Bxg6 65. Kxg6 Ke5 66. Kf7 Kd5 67. Ke7 Kc6 68. Kd8 Kb7 69.
Kd7 a5 70. Bd6 Ka8 71. Kc7 Ka7 72. Kc6 Ka8 73. Kb6 a4
{Game drawn by mutual agreement}
1/2-1/2

[Event "ICC tourney 1905 (10 3)"]
[Site "Internet Chess Club"]
[Date "2020.07.05"]
[Round "3"]
[White "davika21"]
[Black "Kiwimonster31"]
[Result "1-0"]
[ICCResult "Black checkmated"]
[WhiteElo "1578"]
[BlackElo "1468"]
[Opening "Ruy Lopez: exchange, Bronstein variation"]
[ECO "C68"]
[NIC "RL.08"]
[Time "13:15:18"]
[TimeControl "600+3"]

1. e4 e5 2. Nf3 Nc6 3. Bb5 a6 4. Bxc6 dxc6 5. O-O Qd6 6. d3 f6 7. Nbd2 Ne7
8. Nc4 Qe6 9. a4 Ng6 10. Re1 Be7 11. Qe2 Bd7 12. c3 O-O-O 13. b4 Kb8 14. d4
Rhe8 15. b5 cxb5 16. d5 Qf7 17. Na5 Bc5 18. axb5 Bxb5 19. c4 Bd7 20. Qb2 Bb6
21. c5 Bxa5 22. Rxa5 Bb5 23. c6 bxc6 24. Rxa6 Kc8 25. Ra8+ Kd7 26. dxc6+
Kxc6 27. Ra5 Rb8 28. Be3 Bc4 29. Rc5+ Kd7 30. Rd1+ Kc8 31. Qc3 Be2 32. Rc1
Re7 33. Nd2 Rd7 34. Nb1 Bd3 35. Na3 Nf8 36. Bd2 Ne6 37. Rd5 Ba6 38. Rxd7
Qxd7 39. Be3 Nd4 40. Qc5 Ne2+ 41. Kh1 Nxc1 42. Qxc1 Qd3 43. Nc2 Qf1+ 44.
Qxf1 Bxf1 45. Kg1 Bd3 46. Ne1 Rb1 47. Bd2 Rd1 48. Bc3 c5 49. f3 Bc4 50. Kf2
Kb7 51. g3 Kc6 52. Ba5 Kb5 53. Bc7 Ka4 54. Bb6 Rd2+ 55. Kg1 Re2 56. Ng2 Kb3
57. Bxc5 Bb5 58. Bf8 g6 59. Bg7 Rc2 60. Bxf6 Rc5 61. Ne3 Kc3 62. Nd5+ Kd4
63. Kf2 Bc4 64. Ne3 Bd3 65. Be7 Rb5 66. Ng4 Rb2+ 67. Kg1 h5 68. Nf6 Rb1+ 69.
Kf2 Rf1+ 70. Kg2 Ke3 71. Bc5+ Ke2 72. Nd5 Rc1 73. Bf2 Rf1 74. Bc5 Ke1 75.
Bb4+ Kd1 76. Ne3+ Ke2 77. Nxf1 g5 78. h3 g4 79. hxg4 hxg4 80. fxg4 Bxe4+ 81.
Kg1 Bf3 82. g5 Bh5 83. Bd6 e4 84. Bf4 Kf3 85. Ne3 Ke2 86. Kg2 Kd3 87. Kh3
Kd4 88. Kh4 Bg6 89. g4 Kd3 90. Nf5 e3 91. Nxe3 Ke4 92. Kg3 Kd3 93. Kf3 Be4+
94. Kf2 Bg6 95. Ke1 Ke4 96. Ke2 Kd4 97. Kf3 Kd3 98. Nf5 Kc4 99. Ke4 Kc5 100.
Ke5 Kc6 101. Ne7+ Kd7 102. Nxg6 Ke8 103. Nh4 Kf7 104. Kf5 Kg7 105. g6 Kg8
106. Kf6 Kh8 107. Kg5 Kg7 108. Be5+ Kg8 109. Kh6 Kf8 110. g5 Kg8 111. g7 Kf7
112. Kh7 Ke8 113. g8=Q+ Ke7 114. Nf5+ Kd7 115. Qd5+ Ke8 116. Qe6+ Kf8 117.
Qe7# {Black checkmated} 1-0

[Event "ICC tourney 1905 (10 3)"]
[Site "Internet Chess Club"]
[Date "2020.07.05"]
[Round "4"]
[White "manest"]
[Black "GeneraLisimus"]
[Result "1/2-1/2"]
[ICCResult "Game drawn by mutual agreement"]
[WhiteElo "2789"]
[BlackElo "2873"]
[Opening "R?ti opening"]
[ECO "A06"]
[NIC "QP.09"]
[Time "13:49:09"]
[TimeControl "600+3"]

1. Nf3 d5 2. e3 Nf6 3. c4 c6 4. Nc3 a6 5. d4 Bf5 6. cxd5 cxd5 7. Ne5 Nc6 8.
Bd3 Bxd3 9. Nxd3 e6 10. O-O Bd6 11. Bd2 O-O 12. Rc1
{Game drawn by mutual agreement}
1/2-1/2

[Event "ICC tourney 1905 (10 3)"]
[Site "Internet Chess Club"]
[Date "2020.07.05"]
[Round "4"]
[White "TjkTiger"]
[Black "Candychessguru"]
[Result "1-0"]
[ICCResult "Black checkmated"]
[WhiteElo "2175"]
[BlackElo "1647"]
[Opening "English: Mikenas-Carls variation"]
[ECO "A18"]
[NIC "EO.57"]
[Time "13:49:29"]
[TimeControl "600+3"]

1. c4 Nf6 2. Nc3 e6 3. e4 d5 4. cxd5 exd5 5. e5 Nfd7 6. d4 Bb4 7. f4 O-O 8.
Nf3 c5 9. a3 Ba5 10. Be3 Bxc3+ 11. bxc3 Qa5 12. Bd2 Qc7 13. Bd3 Nc6 14.
Bxh7+ Kxh7 15. Ng5+ Kg6 16. f5+ Kxf5 17. O-O+ Kg6 18. Qc2+ f5 19. exf6+ Kh5
20. Qh7+ Kg4 21. Qh3# {Black checkmated} 1-0

[Event "ICC tourney 1905 (10 3)"]
[Site "Internet Chess Club"]
[Date "2020.07.05"]
[Round "4"]
[White "andrewjiang2"]
[Black "destroyingeagle"]
[Result "1/2-1/2"]
[ICCResult "Game drawn by mutual agreement"]
[WhiteElo "1112"]
[BlackElo "1413"]
[Opening "Robatsch defense: two knights variation"]
[ECO "B07"]
[NIC "VO.17"]
[Time "13:49:28"]
[TimeControl "600+3"]

1. e4 d6 2. d4 g6 3. Nc3 Bg7 4. Nf3 Nc6 5. Be2 e5 6. dxe5 Nxe5 7. O-O Nxf3+
8. Bxf3 Ne7 9. Bg5 Be6 10. Nd5 Bxd5 11. exd5 O-O 12. Re1 f6 13. Bh4 Nf5 14.
Bg3 Nxg3 15. hxg3 f5 16. Rb1 Re8 17. c4 b6 18. Qc2 Qd7 19. Re6 Be5 20. Re1
Re7 21. R1xe5 dxe5 22. Rxe7 Qxe7 23. d6 Qxd6 24. Bxa8 Qd4 25. Bd5+ Kg7 26.
Qa4 Kh6 27. Qd7 Qd1+ 28. Kh2 Qh5+ {Game drawn by mutual agreement} 1/2-1/2

[Event "ICC tourney 1905 (10 3)"]
[Site "Internet Chess Club"]
[Date "2020.07.05"]
[Round "4"]
[White "Aniketshukla"]
[Black "Sina101"]
[Result "0-1"]
[ICCResult "White checkmated"]
[WhiteElo "1494"]
[BlackElo "1485"]
[Opening "Sicilian: Taimanov (Bastrikov) variation"]
[ECO "B47"]
[NIC "SI.40"]
[Time "13:49:10"]
[TimeControl "600+3"]

1. e4 c5 2. Nf3 e6 3. d4 cxd4 4. Nxd4 Nc6 5. Nc3 Qc7 6. a3 a6 7. Be3 b5 8.
Bd3 Bb7 9. O-O Nf6 10. f4 Bc5 11. e5 Nxe5 12. Bxb5 Neg4 13. Bc1 axb5 14.
Nxb5 Qc6 15. Rf2 Nxf2 16. Nxc6 Nxd1+ 17. Kf1 Bxc6 18. Nc7+ Ke7 19. Nxa8 Rxa8
20. b4 Bd4 21. Rb1 Bb5+ 22. Ke1 Nc3 23. Rb3 Nfe4 24. Bb2 Bf2# {White
checkmated} 0-1

[Event "ICC tourney 1905 (10 3)"]
[Site "Internet Chess Club"]
[Date "2020.07.05"]
[Round "4"]
[White "Kyle2007"]
[Black "danbron"]
[Result "0-1"]
[ICCResult "White checkmated"]
[WhiteElo "1497"]
[BlackElo "1894"]
[Opening "Sicilian: Nimzovich-Rossolimo attack (with ...g6, without ...d6)"]
[ECO "B31"]
[NIC "SI.31"]
[Time "13:49:22"]
[TimeControl "600+3"]

1. e4 c5 2. Nf3 Nc6 3. Bb5 g6 4. O-O Bg7 5. c3 Nf6 6. Re1 O-O 7. d4 cxd4 8.
cxd4 d6 9. Nc3 Bd7 10. h3 Ne8 11. Be3 Nc7 12. Bxc6 bxc6 13. Qd2 Ne6 14. Rad1
Re8 15. g3 Qa5 16. Kg2 Qh5 17. d5 Nf4+ 18. gxf4 Bxh3+ 19. Kh2 Bg4+ 20. Kg1
Bxf3 21. Ne2 Qh1# {White checkmated} 0-1

[Event "ICC tourney 1905 (10 3)"]
[Site "Internet Chess Club"]
[Date "2020.07.05"]
[Round "4"]
[White "Ktsuei1102"]
[Black "ickyquarter"]
[Result "1-0"]
[ICCResult "Black checkmated"]
[WhiteElo "1381"]
[BlackElo "1683"]
[Opening "QGD Slav: Slav gambit"]
[ECO "D15"]
[NIC "SL.03"]
[Time "13:49:08"]
[TimeControl "600+3"]

1. d4 d5 2. c4 c6 3. Nc3 Nf6 4. Nf3 dxc4 5. e4 e6 6. Bxc4 Bb4 7. Qc2 h6 8.
O-O O-O 9. Be3 Nbd7 10. a3 Be7 11. Rad1 b5 12. Bd3 Bb7 13. e5 Nd5 14. Nxd5
exd5 15. Rfe1 Nb6 16. Bc1 a5 17. e6 fxe6 18. Rxe6 Rf6 19. Rde1 Bf8 20. Qe2
Qd7 21. Rxf6 gxf6 22. Nh4 Nc4 23. Bf5 Qg7 24. Qe6+ Qf7 25. Bh7+ Kg7 26. Nf5+
Kxh7 27. Qxf7+ Kh8 28. Re8 Rxe8 29. Qxe8 Kg8 30. Bxh6 Kh7 31. Qxf8 Kg6 32.
Ne7+ Kh5 33. Qxf6 Ne3 34. Qg5# {Black checkmated} 1-0

[Event "ICC tourney 1905 (10 3)"]
[Site "Internet Chess Club"]
[Date "2020.07.05"]
[Round "4"]
[White "IAlwaysWin"]
[Black "GutsyEdge"]
[Result "0-1"]
[ICCResult "White forfeits on time"]
[WhiteElo "1498"]
[BlackElo "1130"]
[Opening "R?ti opening"]
[ECO "A04"]
[NIC "QP.10"]
[Time "13:49:36"]
[TimeControl "600+3"]

1. Nf3 c5 2. b3 Nf6 3. Bb2 Nc6 4. e3 d6 5. Bb5 Bd7 6. O-O g6 7. d4 cxd4 8.
exd4 Bg7 9. d5 Nb8 10. Bd3 O-O 11. c4 a6 12. Nbd2 b5 13. Re1 bxc4 14. bxc4
Bg4 15. h3 Bxf3 16. Nxf3 Nbd7 17. Qe2 Rb8 18. Rab1 Re8 19. Nd4 Ne5 20. f4
Nxd3 21. Qxd3 Qb6 22. Kh2 Nh5 23. Qd2 Qc5 24. Nc6 Rxb2 25. Rxb2 Bxb2 26.
Qxb2 Qxc4 27. Nxe7+ Rxe7 28. Rxe7 Qxf4+ 29. Kg1 Nf6 30. Qf2 Qc1+ 31. Kh2 Kg7
32. Rd7 Nxd7 {White forfeits on time} 0-1

[Event "ICC tourney 1905 (10 3)"]
[Site "Internet Chess Club"]
[Date "2020.07.05"]
[Round "4"]
[White "NyzhnykIllia"]
[Black "gmRohde"]
[Result "1/2-1/2"]
[ICCResult "Game drawn by mutual agreement"]
[WhiteElo "1883"]
[BlackElo "1796"]
[Opening "Nimzo-Indian: classical, 4...c5"]
[ECO "E38"]
[NIC "NI.22"]
[Time "13:49:15"]
[TimeControl "600+3"]

1. d4 Nf6 2. c4 e6 3. Nc3 Bb4 4. Qc2 c5 5. e3 cxd4 6. exd4 Nc6 7. Nf3 d5 8.
a3 Bxc3+ 9. bxc3 O-O 10. Bg5 h6 11. Bh4 b6 12. Be2 Ba6 13. cxd5 Bxe2 14.
dxc6 Bxf3 15. gxf3 Rc8 16. Rg1 Rxc6 17. Ke2 Qe7 18. Rxg7+ Kxg7 19. Rg1+ Kh8
20. Qd2 Kh7 21. Qd3+ Kh8 22. Qb5 Rg8 23. Rxg8+ Kxg8 24. Qxc6 Qxa3 25. Bxf6
Qb2+ 26. Ke1 {Game drawn by mutual agreement} 1/2-1/2

[Event "ICC tourney 1905 (10 3)"]
[Site "Internet Chess Club"]
[Date "2020.07.05"]
[Round "4"]
[White "JosephLevine"]
[Black "GGuseinov"]
[Result "0-1"]
[ICCResult "White checkmated"]
[WhiteElo "1935"]
[BlackElo "3044"]
[Opening "Sicilian: accelerated fianchetto, modern variation with Bc4"]
[ECO "B35"]
[NIC "SI.33"]
[Time "13:49:12"]
[TimeControl "600+3"]

1. e4 c5 2. Nf3 g6 3. d4 cxd4 4. Nxd4 Nc6 5. Nc3 Bg7 6. Be3 Nf6 7. Bc4 O-O
8. Bb3 d5 9. exd5 Na5 10. h3 Nxb3 11. Nxb3 b6 12. Qd2 Bb7 13. O-O-O Rc8 14.
Bh6 Bxh6 15. Qxh6 Nxd5 16. Nxd5 Bxd5 17. Kb1 e6 18. h4 Qf6 19. h5 Rxc2 20.
Kxc2 Qf5+ 21. Kd2 Qxf2+ 22. Kd3 Bxb3 23. hxg6 Rd8+ 24. Kc3 Qc2+ 25. Kb4 Qc4+
26. Ka3 Qa4# {White checkmated} 0-1

[Event "ICC tourney 1905 (10 3)"]
[Site "Internet Chess Club"]
[Date "2020.07.05"]
[Round "4"]
[White "espark"]
[Black "playtowin2020"]
[Result "1-0"]
[ICCResult "Black resigns"]
[WhiteElo "1744"]
[BlackElo "1566"]
[Opening "Sicilian: accelerated fianchetto, Mar?czy bind"]
[ECO "B36"]
[NIC "SI.33"]
[Time "13:49:21"]
[TimeControl "600+3"]

1. e4 c5 2. Nf3 g6 3. d4 cxd4 4. Nxd4 Nc6 5. c4 Nf6 6. Nc3 d6 7. Be2 Bg7 8.
Be3 Nxd4 9. Bxd4 O-O 10. O-O Bd7 11. h3 Bc6 12. Qc2 a6 13. b4 Rc8 14. a4 b5
15. f3 bxc4 16. Bxc4 d5 17. Bxa6 Ra8 18. b5 dxe4 19. Bxf6 Bxf6 20. Nxe4 Bxe4
21. Qxe4 Bxa1 22. Rxa1 e6 23. Kh1 Qb6 24. Bb7 Ra7 25. Bc6 Rd8 26. Qe1 Rd4
27. a5 Qd8 28. b6 Re7 29. Qb1 Qb8 30. a6 Rd8 31. a7 Qg3 32. b7 Rxb7 33. Qxb7
Rd2 34. Qb8+ {Black resigns} 1-0

[Event "ICC tourney 1905 (10 3)"]
[Site "Internet Chess Club"]
[Date "2020.07.05"]
[Round "4"]
[White "RagingKnightNC"]
[Black "RisingRook"]
[Result "1-0"]
[ICCResult "Black checkmated"]
[WhiteElo "1565"]
[BlackElo "1530"]
[Opening "Sicilian defense"]
[ECO "B40"]
[NIC "SI.43"]
[Time "13:49:23"]
[TimeControl "600+3"]

1. e4 c5 2. Nf3 e6 3. d3 d5 4. exd5 exd5 5. g3 Nf6 6. Bg2 Be7 7. O-O O-O 8.
c3 Bf5 9. d4 c4 10. Ne5 Nbd7 11. Re1 Ne4 12. Nxd7 Qxd7 13. Nd2 Nf6 14. Nf3
b5 15. Bg5 h6 16. Bxf6 Bxf6 17. Ne5 Qd6 18. Qh5 Be6 19. a3 a5 20. Ng4 Bxg4
21. Qxg4 b4 22. axb4 axb4 23. Qf5 Rxa1 24. Rxa1 bxc3 25. bxc3 Qb6 26. Rb1
Qa5 27. Rc1 Qa3 28. Qc2 Rb8 29. Bxd5 Rb2 30. Qg6 Rb7 31. Re1 Kf8 32. Qh7 g6
33. Bxb7 Qxc3 34. Qxh6+ Bg7 35. Qe3 Qb4 36. Qe8# {Black checkmated} 1-0

[Event "ICC tourney 1905 (10 3)"]
[Site "Internet Chess Club"]
[Date "2020.07.05"]
[Round "4"]
[White "Xuanli28"]
[Black "musk6868"]
[Result "1-0"]
[ICCResult "Black forfeits on time"]
[WhiteElo "1659"]
[BlackElo "1747"]
[Opening "Sicilian: Nimzovich-Rossolimo attack (without ...d6)"]
[ECO "B30"]
[NIC "SI.31"]
[Time "13:49:10"]
[TimeControl "600+3"]

1. e4 c5 2. Nf3 Nc6 3. Bb5 e6 4. Bxc6 bxc6 5. O-O Ne7 6. c3 Ng6 7. d4 d5 8.
Qe2 Be7 9. g3 O-O 10. h4 dxe4 11. Qxe4 f5 12. Qe2 Bd6 13. h5 Ne7 14. Bg5 Qe8
15. Ne5 Rb8 16. Na3 cxd4 17. Nac4 Bc5 18. cxd4 Bxd4 19. Bxe7 Qxe7 20. Nxc6
Qc5 21. Nxb8 Bb7 22. Qxe6+ Kh8 23. Nd7 Qc7 24. Nd6 h6 25. Nxf8 Qc6 26. Nf7+
Kg8 27. Nxh6+ {Black forfeits on time} 1-0

[Event "ICC tourney 1905 (10 3)"]
[Site "Internet Chess Club"]
[Date "2020.07.05"]
[Round "4"]
[White "kptl132"]
[Black "KnightHopper"]
[Result "0-1"]
[ICCResult "White resigns"]
[WhiteElo "1494"]
[BlackElo "1824"]
[Opening "Sicilian: Alapin's variation (2.c3)"]
[ECO "B22"]
[NIC "SI.46"]
[Time "13:49:44"]
[TimeControl "600+3"]

1. e4 c5 2. c3 d5 3. exd5 Nf6 4. d4 Qxd5 5. Nf3 Nc6 6. Be2 Bg4 7. O-O cxd4
8. Nxd4 Bxe2 9. Qxe2 Nxd4 10. cxd4 Qxd4 11. Rd1 Qe4 12. Be3 e6 13. Nc3 Qe5
14. Qc4 Bd6 15. Nb5 Qxh2+ 16. Kf1 Nd5 17. Bc5 Rc8 18. Rxd5 O-O 19. Rxd6 Qh1+
20. Ke2 Qxa1 21. Qb3 Rxc5 22. Rd1 Rc1 {White resigns} 0-1